 Dungeon Crawl Stone Soup version 0.31.0-12-g77e489cdc1 (webtiles) character file.

Game seed: 15106337056047264230

352164 EonDragon20 the Petrodigitator (level 22, -5/150 HPs)
             Began as a Gargoyle Earth Elementalist on Feb 26, 2024.
             Was the Champion of Makhleb.
             Slain by a frost giant
             ... wielding a +3 heavy battleaxe
              (30 damage)
             ... on level 2 of the Depths.
             The game lasted 04:41:11 (76991 turns).

EonDragon20 the Petrodigitator (GrEE)              Turns: 76991, Time: 04:41:12

Health: -5/150     AC: 39    Str: 17    XL:     22   Next: 25%
Magic:  27/41      EV: 14    Int: 32    God:    Makhleb [******]
Gold:   2720       SH:  0    Dex: 10    Spells: 5/52 levels left

rFire   + + .        W - staff of conjuration
rCold   . . .        e - orb {*channel}
rNeg    + . .        G - +3 steam dragon scales
rPois   ∞            C - +0 helmet
rElec   +            O - +5 cloak of Emuru {SInv}
rCorr   .            R - +1 pair of gloves "Diyrchu" {rF+ Str+4}
SInv    +            F - +1 pair of boots
Will    +....        E - amulet of regeneration
Stlth   ++           m - ring of protection from fire
HPRegen 1.25/turn    Z - +6 ring of intelligence
MPRegen 0.27/turn

%: channel magic (20%)
@: about to teleport, flying, very slightly contaminated, studying 2 skills
A: sickness immunity, AC +16, big wings, negative energy resistance 1,
electricity resistance, torment resistance 1, petrification resistance
}: 2/15 runes: serpentine, barnacled
a: Renounce Religion, Minor Destruction, Lesser Servant of Makhleb, Major
Destruction, Greater Servant of Makhleb


You were on level 2 of the Depths.
You worshipped Makhleb.
Makhleb was exalted by your worship.
You visited 8 branches of the dungeon, and saw 36 of its levels.
You also visited: Ossuary and Wizlab.

You collected 5340 gold pieces.
You spent 2620 gold pieces at shops.

Inventory:

Hand Weapons
 j - a +5 whip of venom
Armour
 e - an orb of energy (worn)
 C - a +0 helmet (worn)
 F - a +1 pair of boots (worn)
 G - +3 steam dragon scales (worn)
 O - the +5 cloak of Emuru (worn) {SInv}
   (You found it on level 1 of the Lair of Beasts)

   SInv:      It lets you see invisible.
 R - the +1 pair of gloves "Diyrchu" (worn) {rF+ Str+4}
   (You found it on level 2 of the Vaults)

   Str+4:     It affects your strength (+4).
   rF+:       It protects you from fire.
Magical Staves
 W - a staff of conjuration (weapon)
Jewellery
 b - a ring of willpower
 m - a ring of protection from fire (left hand)
 z - a ring of protection from cold
 B - the ring of Jin Goax {rF+ rC- rCorr SInv}
   (You took it off a vault sentinel on level 2 of the Vaults)

   [ring of see invisible]

   rF+:       It protects you from fire.
   rC-:       It makes you vulnerable to cold.
   SInv:      It lets you see invisible.
   rCorr:     It protects you from acid and corrosion.
 E - an amulet of regeneration (around neck)
 I - a ring of protection from cold
 J - the ring "Fereiton" {rElec rC+ rN+ rCorr Slay-4}
   (You took it off a deep elf high priest on level 2 of the Vaults)

   [ring of resist corrosion]

   Slay-4:    It affects your accuracy & damage with ranged weapons and melee
   (-4).
   rC+:       It protects you from cold.
   rElec:     It insulates you from electricity.
   rN+:       It protects you from negative energy.
   rCorr:     It protects you from acid and corrosion.
 Z - a +6 ring of intelligence (right hand)
Wands
 n - a wand of light (12)
 p - a wand of digging (29)
 r - a wand of flame (28)
 u - a wand of iceblast (9)
 x - a wand of mindburst (46)
 y - a wand of charming (11)
 S - a wand of polymorph (12)
Scrolls
 o - 5 scrolls of revelation
 q - 2 scrolls of enchant weapon
 t - 5 scrolls of teleportation
 v - a scroll of enchant armour
 w - 5 scrolls of fog
 H - 6 scrolls of poison
 L - 2 scrolls of fear
 N - 5 scrolls of amnesia
 Q - a scroll of brand weapon
 T - a scroll of vulnerability
 U - a scroll of summoning
 V - 16 scrolls of identify
Potions
 a - a potion of berserk rage
 c - 4 potions of attraction
 d - 9 potions of curing
 f - a potion of resistance
 g - 4 potions of cancellation
 h - 6 potions of ambrosia
 i - 13 potions of mutation
 k - 3 potions of brilliance
 l - 8 potions of enlightenment
 s - a potion of haste
 A - 3 potions of invisibility
 D - 5 potions of might
 X - a potion of heal wounds
 Y - a potion of lignification
Miscellaneous
 K - a condenser vane
 M - a lightning rod (4/4)
 P - a box of beasts


   Skills:
 * Level 19.2 Fighting
 - Level 9.8 Armour
 - Level 7.6 Dodging
 - Level 2.1 Stealth
 - Level 15.5 Spellcasting
 - Level 11.8 Conjurations
 - Level 8.1 Fire Magic
 O Level 27 Earth Magic
 - Level 7.0 Alchemy
 * Level 13.2 Invocations


You had 5 spell levels left.
You knew the following spells:

 Your Spells              Type           Power      Damage    Failure   Level
a - Sandblast             Erth           100%       2d20      1%          1
b - Stone Arrow           Conj/Erth      100%       3d13      1%          3
c - Passwall              Erth           100%       N/A       1%          3
d - Brom's Barrelling Bo  Conj/Erth      100%       2d11      1%          4
e - Petrify               Alch/Erth      93%        N/A       1%          4
f - Olgreb's Toxic Radia  Alch           63%        N/A       5%          4
g - Ignite Poison         Fire/Alch      65%        N/A       4%          4
h - Mercury Vapours       Alch/Air       94%        N/A       4%          2
i - Shatter               Erth           57%        3d43*     10%         9
j - Mephitic Cloud        Conj/Alch/Air  78%        N/A       3%          3
k - Flame Wave            Conj/Fire      93%        2d20      2%          4
l - Bombard               Conj/Erth      61%        9d10      1%          6

Your spell library contained the following spells:

 Spells                   Type           Power      Damage    Failure   Level
 Kiss of Death            Conj/Necr      100%       2d13      1%          1
 Sting                    Conj/Alch      100%       1d9       1%          1
 Leda's Liquefaction      Alch/Erth      46%        N/A       1%          4
 Lee's Rapid Deconstruct  Erth           57%        3d27*     1%          5
 Momentum Strike          Conj/Tloc      100%       3d10      2%          2
 Static Discharge         Conj/Air       100%       3-8/arc   2%          2
 Borgnjor's Vile Clutch   Necr/Erth      42%        N/A       2%          5
 Dazzling Flash           Conj/Hex       100%       N/A       3%          3
 Fulminant Prism          Conj/Alch      45%        3d21      3%          4
 Sticky Flame             Fire/Alch      65%        2d11      4%          4
 Inner Flame              Hex/Fire       50%        N/A       5%          3
 Volatile Blastmotes      Fire/Tloc      100%       2d18      5%          3
 Irradiate                Conj/Alch      45%        3d26      5%          5
 Apportation              Tloc           48%        N/A       8%          1
 Necrotise                Necr           96%        1d8       8%          1
 Blink                    Tloc           48%        N/A       10%         2
 Ensorcelled Hibernation  Hex/Ice        48%        N/A       10%         2
 Jinxbite                 Hex            48%        N/A       10%         2
 Lesser Beckoning         Tloc           48%        N/A       10%         2
 Alistair's Intoxication  Alch           42%        N/A       10%         5
 Confusing Touch          Hex            24%        N/A       16%         3
 Fugue of the Fallen      Necr           24%        N/A       16%         3
 Gell's Gravitas          Tloc           24%        N/A       16%         3
 Ozocubu's Armour         Ice            24%        N/A       16%         3
 Tukima's Dance           Hex            24%        N/A       16%         3
 Vampiric Draining        Necr           24%        2d7       16%         3
 Freezing Cloud           Conj/Ice/Air   33%        6-21      24%         5
 Yara's Violent Unravell  Hex/Alch       23%        3d10      28%         5
 Airstrike                Air            12%        2d(2-18)  36%         4
 Anguish                  Hex/Necr       12%        N/A       36%         4
 Animate Dead             Necr           24%        N/A       36%         4
 Dispel Undead            Necr           24%        3d12      36%         4
 Martyr's Knell           Necr/Summ      24%        N/A       36%         4
 Passage of Golubria      Tloc           24%        N/A       36%         4
 Summon Lightning Spire   Summ/Air       24%        N/A       36%         4
 Vhi's Electric Charge    Tloc/Air       48%        N/A       36%         4
 Curse of Agony           Necr           24%        N/A       65%         5
 Metabolic Englaciation   Hex/Ice        12%        N/A       65%         5
 Summon Forest            Summ/Tloc      12%        N/A       65%         5
 Starburst                Conj/Fire      46%        6d13      13%         6
 Sculpt Simulacrum        Ice/Alch       23%        N/A       75%         6
 Death Channel            Necr           12%        N/A       99%         6
 Ignition                 Fire           33%        3d10      99%         8
 Malign Gateway           Summ/Tloc      12%        N/A       100%        7
 Ozocubu's Refrigeration  Ice            12%        4d10      100%        7
 Discord                  Hex            12%        N/A       100%        8
 Maxwell's Capacitive Co  Air            12%        ∞         100%        8
 Chain Lightning          Conj/Air       38%        3d50      100%        9
 Fire Storm               Conj/Fire      46%        8d12      100%        9


Dungeon Overview and Level Annotations

Branches:
Dungeon (15/15)            Temple (1/1) D:5            Lair (4/5) D:8
 Shoals (4/4) Lair:3        Snake (4/4) Lair:3        Slime (0/5) Lair:4
    Orc (2/2) D:9             Elf (0/3) Orc:2        Vaults (4/5) D:13
  Crypt (0/3) Vaults:3     Depths (2/4) D:15        Ossuary (visited)
 WizLab (visited)

Altars:
Ashenzari
Cheibriados
Dithmenos
Elyvilon
Fedhas
Gozag
Hepliaklqana
Kikubaaqudgha
Makhleb
Nemelex Xobeh
Okawaru
Qazlal
Ru
Sif Muna
Trog
Uskayaw
Vehumet
Wu Jian
Xom
Yredelemnul
Zin
The Shining One
Jiyva

Shops:
D:6 (   D:9 [:*   D:12 :   Orc:1 [   Orc:2 :[[!   Vaults:1 :

Portals:
Hell: Depths:1 Depths:2
Pandemonium: Depths:1 Depths:2
Trove: D:15 (give +7 demon trident)

Annotations:
D:14 Roxanne
Lair:4 exclusion: oklob plant
Shoals:3 1 runed translucent door
Snake:2 Mlioglotl
Orc:1 6 transporters
Vaults:2 Zenata
Vaults:3 3 runed translucent doors, rgbqcd's ghost, veteran MiBe


Innate Abilities, Weirdness & Mutations

You are immune to sickness and miasma.
Your stone body is resilient. (AC +16)
You are immune to poison.
Your large and strong wings let you fly.
You resist negative energy. (rN+)
You are resistant to electric shocks. (rElec)
You are resistant to unholy torment.
You are immune to petrification.


Message History

You feel a surge of power!
The iron shot hits the fire giant!!!
The fire giant is almost dead.
Magical energy flows into your mind! The frost giant casts a spell at you.
The bolt of cold hits you!
Casting: Bombard (mildly dangerous; 1% risk of failure)
Confirm with . or Enter, or press ? or * to list all spells.
You begin to radiate toxic energy.
The fire giant looks even sicker.
Magical energy flows into your mind!
The fire giant looks as sick as possible!
Casting: Olgreb's Toxic Radiance (mildly dangerous; 5% risk of failure)
Confirm with . or Enter, or press ? or * to list all spells.
Aiming: Stone Arrow (safe; 1% risk of failure)
Press: ? - help, Shift-Dir - straight line, f/p - fire giant
Aim: a fire giant, wielding a +0 great sword of flaming (almost dead, extremely poisoned, 95% to hit)
You feel a surge of power!
The stone arrow hits the fire giant!!
You kill the fire giant!
Makhleb accepts your kill. The frost giant casts a spell at you.
The bolt of cold hits you!!!
Casting: Stone Arrow (safe; 1% risk of failure)
Confirm with . or Enter, or press ? or * to list all spells.
You miscast Ignite Poison.
You are very lightly contaminated with residual magic.
Nothing appears to happen.
Magical energy flows into your mind!
The frost giant looks even sicker.
Your toxic aura wanes.
The frost giant gestures at you while chanting.
The bolt of cold hits you!!!
* * * LOW HITPOINT WARNING * * *
As you read the scroll of fog, it dissolves into smoke.
As you read the scroll of teleportation, it crumbles to dust.
You feel strangely unstable.
The frost giant points at you and mumbles some strange words.
The bolt of cold hits you!
* * * LOW HITPOINT WARNING * * *
Okay, then.
Okay, then.
The frost giant hits you with a +3 heavy battleaxe!!
You die...

###[..........###.8.###.....>#
# #............#..#..#.......#
# #............'.....#.......#
###............#.#####.......#
..'............#.# #.....^.#
#####§§....≈≈####### #'#######
....##§.##.≈##§§§§§# #.......#
.≈≈..#......#.§§§§## #.......#
..≈≈.##....##.§§@§# #.......#
#.§§..........§C§#####>......#
##=..##.##.##.§§##...'.......#
######≈....≈#####....#.......#
###..........####.......#
############ #.......#
#########


You could see a frost giant (very poisoned).

Vanquished Creatures
  Frederick (Vaults:2)
  Saint Roka (Snake:1)
  3 caustic shrikes
  Vashnia (Snake:3)
  Nikola (Vaults:2)
  A tentacled monstrosity (Depths:1)
  2 liches
  2 walking frostbound tomes (Depths:2)
  3 sphinxes
  2 eldritch tentacles (WizLab)
  A kraken (Shoals:2)
  Polyphemus (Shoals:4)
  An Executioner (WizLab)
  2 tentacled starspawn (WizLab)
  2 tengu reavers (Depths:2)
  A fenstrider witch (Shoals:1)
  Aizul (Snake:3)
  Ilsuiw (Shoals:4)
  3 fire giants (Depths:2)
  A balrug (Depths:2)
  2 ghost moths (WizLab)
  A caustic shrike zombie (Depths:1)
  3 frost giants (Depths:2)
  9 vault wardens
  4 spriggan defenders
  13 ironbound preservers
  2 formless jellyfish
  8 ironbound thunderhulks
  9 very ugly things
  8 stone giants
  7 dire elephants
  A vampire knight (Depths:1)
  2 eidola
  2 ettins
  Snorg (D:13)
  7 merfolk impalers
  A blizzard demon (WizLab)
  Josephine (Lair:3)
  2 fire dragons (Depths:2)
  10 yaktaur captains
  The ghost of toastdancer the Thaumaturge, a journeyman GnHW of Zin (Lair:3)
  4 merfolk javelineers (Shoals:4)
  4 entropy weavers
  3 deep elf high priests
  4 great orbs of eyes
  A peacekeeper (Vaults:4)
  3 salamander tyrants (Snake:4)
  5 hydras
  Erolcha (Orc:2)
  3 spriggan air magi
  8 vault guards
  3 rakshasas
  Harold (Lair:2)
  2 merfolk avatars
  9 anacondas
  5 boulder beetles
  3 catoblepae
  8 ironbound frosthearts
  2 alligator snapping turtles
  18 centaur warriors
  2 dancing weapons (D:13)
  4 merfolk aquamancers (Shoals:4)
  2 satyrs (Shoals:2)
  6 deep troll shamans
  5 hell hogs (Depths:1)
  5 deep troll earth magi
  9 tengu warriors
  4 two-headed ogres
  7 death yaks
  11 naga warriors
  25 naga sharpshooters
  A thrashing horror (WizLab)
  9 shock serpents
  A spriggan berserker (Depths:1)
  2 soul eaters
  Amaemon (Lair:2)
  3 hell knights
  A shadow wraith (WizLab)
  4 sun demons
  6 skysharks
  A fire crab (D:15)
  4 iron trolls
  16 mana vipers
  8 sea snakes
  7 salamander mystics
  40 deep trolls
  4 glowing orange brains
  6 naga ritualists
  4 arcanists
  14 lindwurms
  A shadow demon (WizLab)
  Pikel (D:7)
  2 obsidian statues (WizLab)
  4 phantasmal warriors
  3 necromancers
  16 ironbound convokers
  25 fauns
  A fire giant zombie (Depths:1)
  An oklob plant (Lair:4)
  33 ugly things
  11 orc sorcerers (Orc:2)
  12 harpies
  A worldbinder (WizLab)
  An orc knight (D:15)
  15 manticores
  29 salamanders
  11 merfolk sirens
  19 elephants
  Joseph (D:8)
  6 cyclopes
  A kobold blastminer (Orc:1)
  A torpor snail (Lair:3)
  A torpor snail (shapeshifter) (Vaults:2)
  9 vault sentinels
  28 black mambas
  16 naga magi
  4 smoke demons
  An orange demon (Lair:3)
  2 water nymphs
  A guardian serpent (shapeshifter) (D:15)
  6 cane toads
  A hellion (Depths:1)
  Maggie (Lair:2)
  10 guardian serpents
  2 gargoyles
  An unseen horror (D:12)
  A rime drake (shapeshifter) (D:13)
  5 kobold demonologists
  3 komodo dragons
  An efreet (D:13)
  2 rime drakes
  7 yaktaurs
  2 tengu conjurers
  2 guardian mummies (D:15)
  Psyche (D:8)
  23 merfolk
  A glass eye (Depths:2)
  A queen bee (Lair:3)
  7 trolls
  2 polar bears
  A hornet (shapeshifter) (D:15)
  Prince Ribbit (D:7)
  Grinder (D:4)
  4 hornets
  8 blink frogs (Lair:1)
  6 wind drakes
  6 dream sheep
  3 raiju (WizLab)
  10 snapping turtles
  3 spriggans
  2 jumping spiders (WizLab)
  42 slime creatures
  4 wraiths
  A wyvern (D:11)
  5 basilisks
  34 yaks
  Grum (D:10)
  2 steam dragons
  5 wargs
  2 redbacks
  7 vampire mosquitoes
  A redback (shapeshifter) (Vaults:3)
  42 nagas
  5 water moccasins
  5 ice beasts
  2 sky beasts
  A human skeleton (Depths:1)
  A spriggan simulacrum (Depths:1)
  A black bear (Lair:3)
  4 laughing skulls (D:15)
  18 orc warriors
  8 ogres
  18 wolves
  3 centaurs
  A boggart (WizLab)
  3 phantoms
  3 kobold brigands
  4 bullfrogs
  A gnoll sergeant (D:6)
  2 scorpions
  4 wights (D:10)
  6 killer bees (Lair:3)
  2 howler monkeys
  An electric eel (Lair:3)
  3 centaur zombies (Ossuary)
  A human zombie (Ossuary)
  4 bombardier beetles
  A jelly (D:6)
  10 orc priests
  3 gnoll boudas
  3 hounds
  Ijyb (D:4)
  4 iguanas
  Natasha (D:3)
  35 orc wizards
  2 sleepcaps
  3 hound zombies (Ossuary)
  2 mummies (Ossuary)
  15 gnolls
  5 adders
  A shadow imp (D:8)
  A white imp (D:7)
  7 adder zombies (Ossuary)
  A dart slug (D:3)
  3 ribbon worms
  72 orcs
  9 endoplasms
  4 giant cockroaches (D:1)
  4 gnoll zombies (Ossuary)
  16 goblins
  3 hobgoblins (D:1)
  6 jackals
  15 kobolds
  4 quokkas
  2 ball pythons
  6 bats
  A frilled lizard (D:1)
  8 jackal zombies (Ossuary)
  7 kobold zombies (Ossuary)
  4 orc zombies (Ossuary)
  6 rats
  3 tentacles (Shoals:2)
1320 creatures vanquished.

Vanquished Creatures (collateral kills)
  A sphinx (Vaults:4)
  Donald (Shoals:2)
  A very ugly thing (D:15)
  2 ironbound preservers (Vaults:4)
  2 dire elephants (Vaults:4)
  A boulder beetle (D:11)
  A naga sharpshooter (Snake:3)
  A naga ritualist (Snake:1)
  A deep troll (Vaults:4)
  A salamander (Snake:4)
  An ugly thing (D:15)
  A faun (Shoals:1)
  A vault sentinel (Vaults:2)
  An elephant (Lair:2)
  A black mamba (Snake:4)
  6 boulders
23 creatures vanquished.

Vanquished Creatures (others)
  4 boulders
  8 starspawn tentacles (WizLab)
  2 tentacles (Shoals:2)
14 creatures vanquished.

Grand Total: 1357 creatures vanquished

Notes
Turn   | Place    | Note
-------+----------+-------------------------------------------
     0 | D:1      | EonDragon20 the Gargoyle Earth Elementalist began the quest
                  | for the Orb.
     0 | D:1      | Reached XP level 1. HP: 10/10 MP: 3/3
   139 | D:1      | Reached XP level 2. HP: 15/15 MP: 3/5
   455 | D:1      | Reached skill level 4 in Earth Magic
   697 | D:1      | Reached XP level 3. HP: 19/19 MP: 2/6
   855 | D:1      | Learned a level 3 spell: Stone Arrow
  1881 | D:3      | Reached XP level 4. HP: 24/24 MP: 5/7
  2455 | D:3      | Noticed Natasha
  2466 | D:3      | Learned a level 3 spell: Passwall
  2670 | D:3      | Killed Natasha
  2671 | D:3      | Reached XP level 5. HP: 28/28 MP: 5/8
  2904 | D:4      | Noticed a phantom
  2912 | D:4      | Killed a phantom
  2913 | D:4      | Reached skill level 1 in Fighting
  2913 | D:4      | Reached skill level 1 in Armour
  3025 | D:4      | Noticed a phantom
  3045 | D:4      | Killed a phantom
  3046 | D:4      | Reached XP level 6. HP: 36/36 MP: 1/10
  3270 | D:4      | Noticed Grinder
  3279 | D:5      | Entered Level 5 of the Dungeon
  3733 | D:5      | Reached XP level 7. HP: 40/41 MP: 6/12
  3822 | D:5      | Found a staircase to the Ecumenical Temple.
  3852 | Temple   | Entered the Ecumenical Temple
  3856 | Temple   | Became a worshipper of Makhleb the Destroyer
  4035 | D:5      | Learned a level 4 spell: Brom's Barrelling Boulder
  4814 | D:4      | Paralysed by Grinder for 3 turns
  4817 | D:4      | Killed Grinder
  5154 | D:4      | Noticed Ijyb
  5176 | D:4      | Killed Ijyb
  5412 | D:4      | Found a glowing silver altar of Zin.
  5419 | D:4      | Found a snail-covered altar of Cheibriados.
  5756 | D:6      | Found a radiant altar of Vehumet.
  5762 | D:6      | Found an ancient bone altar of Kikubaaqudgha.
  5763 | D:6      | Found a shimmering blue altar of Sif Muna.
  5769 | D:6      | Got Kikubaaqudgha's Almanac of Diablerie
  5775 | D:6      | Reached XP level 8. HP: 48/48 MP: 7/14
  5938 | D:6      | Identified the +8 chain mail "Tiri" {+Blink Int+3 Dex+5}
  6308 | D:6      | Found a sand-covered staircase.
  6313 | Ossuary  | Entered an ossuary
  6513 | Ossuary  | Reached * piety under Makhleb
  6728 | Ossuary  | Reached skill level 5 in Fighting
  7077 | D:6      | Reached skill level 5 in Earth Magic
  7190 | D:6      | Found Nekilaf's Antique Weapon Shoppe.
  7548 | D:6      | Reached skill level 5 in Conjurations
  8155 | D:7      | Reached ** piety under Makhleb
  8159 | D:7      | Reached skill level 6 in Earth Magic
  8401 | D:7      | Reached XP level 9. HP: 49/54 MP: 16/16
  8508 | D:7      | Noticed Prince Ribbit
  8521 | D:7      | Noticed Pikel
  8600 | D:7      | Killed Pikel
  8601 | D:7      | Reached skill level 7 in Earth Magic
  8718 | D:7      | Killed Prince Ribbit
  8870 | D:7      | Noticed a cyan ugly thing
  8998 | D:7      | Reached skill level 5 in Armour
  9356 | D:7      | Killed a cyan ugly thing
  9357 | D:7      | Reached skill level 8 in Earth Magic
  9610 | D:7      | Reached XP level 10. HP: 59/59 MP: 13/17
 10004 | D:8      | Noticed Joseph
 10312 | D:8      | Reached skill level 9 in Earth Magic
 10771 | D:8      | Found a staircase to the Lair.
 10904 | D:8      | Noticed Psyche
 10909 | D:8      | Killed Psyche
 10910 | D:8      | Reached skill level 5 in Dodging
 11058 | D:8      | Killed Joseph
 11198 | D:8      | Reached *** piety under Makhleb
 11754 | D:8      | Identified a scroll of acquirement
 11754 | D:8      | Acquired the +2 cloak of Wiacsod {Stlth+}
 11888 | D:8      | Learned a level 4 spell: Petrify
 11889 | Lair:1   | Entered Level 1 of the Lair of Beasts
 11889 | Lair:1   | Noticed a cane toad
 11900 | D:8      | Reached skill level 10 in Earth Magic
 12005 | D:9      | Noticed a two-headed ogre
 12102 | D:9      | Killed a two-headed ogre
 12248 | D:9      | Reached XP level 11. HP: 63/63 MP: 4/18
 12473 | D:9      | Found a staircase to the Orcish Mines.
 12475 | D:9      | Found Budiol's Armour Shoppe.
 12494 | D:9      | Bought a +2 pair of gloves of infusion for 344 gold pieces
 12724 | D:9      | Found Fenninna's General Store.
 13018 | D:9      | Found Hekir's Book Boutique.
 13040 | D:9      | Reached skill level 10 in Conjurations
 13040 | D:9      | Reached skill level 11 in Earth Magic
 13333 | D:10     | Entered Level 10 of the Dungeon
 13361 | D:10     | Noticed Grum
 13649 | D:10     | Killed Grum
 13876 | D:10     | Noticed a two-headed ogre
 13899 | D:10     | Killed a two-headed ogre
 14258 | D:10     | Reached **** piety under Makhleb
 14340 | D:10     | Reached skill level 1 in Invocations
 14408 | D:10     | Found a white marble altar of Elyvilon.
 14954 | D:11     | Noticed a cyclops
 15088 | D:11     | Noticed a manticore
 15091 | D:11     | Killed a manticore
 15239 | D:11     | Identified the +1 spear of Koehuwybb {drain, rC+}
 15274 | D:11     | Killed a cyclops
 15275 | D:11     | Reached skill level 5 in Invocations
 15397 | D:11     | Noticed a boulder beetle
 15426 | D:11     | Killed a boulder beetle
 16012 | D:12     | Noticed a green ugly thing
 16038 | D:12     | Killed a green ugly thing
 16039 | D:12     | Reached XP level 12. HP: 68/68 MP: 4/19
 16314 | D:12     | Found an ancient bone altar of Kikubaaqudgha.
 16332 | D:12     | Noticed a two-headed ogre
 16345 | D:12     | Killed a two-headed ogre
 16485 | D:12     | Found Petydouf's Book Shop.
 16855 | D:12     | Noticed a two-headed ogre
 16861 | D:12     | Killed a two-headed ogre
 16953 | D:12     | Noticed a boulder beetle
 16970 | D:12     | Killed a boulder beetle
 17361 | D:12     | Reached skill level 5 in Alchemy
 17697 | D:13     | Found a gate to the Vaults.
 17721 | D:13     | Noticed a centaur warrior
 18046 | Lair:1   | Reached ***** piety under Makhleb
 18245 | Lair:1   | Reached skill level 5 in Spellcasting
 18581 | Lair:1   | Noticed a six-headed hydra
 18581 | Lair:1   | Noticed a skyshark
 18704 | Lair:1   | Identified the +5 cloak of Emuru {SInv}
 18843 | Lair:1   | Killed a six-headed hydra
 18888 | Lair:1   | Killed a skyshark
 18973 | Lair:1   | Reached XP level 13. HP: 74/74 MP: 8/21
 19486 | Lair:2   | Noticed Harold
 19501 | Lair:2   | Noticed Maggie
 20660 | Lair:2   | Killed Maggie
 21491 | Lair:2   | Killed Harold
 22428 | Lair:3   | Identified the +2 scale mail "Utogetoc" {rPois Str+3}
 22500 | Lair:3   | Noticed Josephine
 22520 | Lair:3   | Killed Josephine
 22846 | Lair:2   | Gained mutation: Your large and strong wings let you fly.
                  | [Gargoyle growth]
 22846 | Lair:2   | Reached XP level 14. HP: 86/86 MP: 8/26
 23349 | Lair:3   | Found a staircase to the Snake Pit.
 23404 | Lair:3   | Noticed Amaemon
 23870 | Lair:3   | Found a transporter.
 23874 | Lair:3   | Found a transporter.
 23877 | Lair:3   | Noticed toastdancer's ghost (journeyman GnHW)
 24052 | Lair:3   | Found a staircase to the Shoals.
 24224 | Lair:2   | Killed Amaemon
 24635 | Lair:4   | Found a viscous altar of Jiyva.
 24635 | Lair:4   | Found a staircase to the Slime Pits.
 26878 | D:13     | Reached skill level 10 in Invocations
 27088 | D:13     | Noticed Snorg
 27167 | D:13     | Learned a level 4 spell: Olgreb's Toxic Radiance
 27272 | Orc:1    | Entered Level 1 of the Orcish Mines
 27482 | Orc:1    | Found a transporter.
 27487 | Orc:1    | Found a transporter.
 27487 | Orc:1    | Found a transporter.
 27488 | Orc:1    | Found a sparkling altar of Nemelex Xobeh.
 27588 | Orc:1    | Found a transporter.
 27588 | Orc:1    | Found a transporter.
 27589 | Orc:1    | Found a transporter.
 27589 | Orc:1    | Noticed a juggernaut
 27629 | Orc:1    | Found Giqionk's Antique Armour Shoppe.
 27889 | Orc:2    | Entered Level 2 of the Orcish Mines
 28407 | Orc:2    | Found a staircase to the Elven Halls.
 28450 | Orc:2    | Learned a level 4 spell: Ignite Poison
 28912 | Orc:2    | Reached skill level 1 in Fire Magic
 29305 | Orc:2    | Paralysed by an orc sorcerer for 5 turns
 29457 | Orc:2    | Found an ancient bone altar of Kikubaaqudgha.
 29565 | Orc:2    | Found Heecyxt's Antique Armour Boutique.
 29626 | Orc:2    | Found Ykiepn's Book Boutique.
 29643 | Orc:2    | Noticed Erolcha
 29658 | Orc:2    | Killed Erolcha
 29761 | Orc:2    | Found a radiant altar of Vehumet.
 29856 | Orc:2    | Found Misoorhyate's Distillery.
 29896 | Orc:2    | Found Hifupu Cee's Antique Armour Boutique.
 29929 | Orc:2    | Bought 2 potions of heal wounds for 140 gold pieces
 30103 | Snake:1  | Entered Level 1 of the Snake Pit
 30108 | Snake:1  | Reached skill level 5 in Fire Magic
 30222 | Snake:1  | Reached XP level 15. HP: 85/90 MP: 16/28
 30325 | Snake:1  | Reached ****** piety under Makhleb
 33496 | Snake:2  | Noticed Saint Roka
 33604 | Snake:1  | Killed Saint Roka
 34320 | Snake:2  | Learned a level 2 spell: Mercury Vapours
 34343 | Snake:3  | Reached skill level 12 in Earth Magic
 34765 | Snake:3  | Noticed Mlioglotl
 34862 | Shoals:1 | Entered Level 1 of the Shoals
 35421 | Shoals:1 | Reached skill level 10 in Fighting
 35421 | Shoals:1 | Reached XP level 16. HP: 97/97 MP: 17/29
 35863 | Shoals:1 | Reached skill level 10 in Spellcasting
 36753 | Shoals:1 | Noticed a fenstrider witch
 36759 | Shoals:1 | Killed a fenstrider witch
 36790 | Shoals:1 | Acquired a book of Annihilations
 36841 | Shoals:2 | Reached skill level 13 in Earth Magic
 37048 | Shoals:1 | Acquired a staff of conjuration
 37813 | Shoals:2 | Noticed Donald
 37909 | Shoals:2 | Killed Donald
 37987 | Shoals:2 | Noticed a kraken
 37995 | Shoals:2 | Killed a kraken
 38674 | Shoals:3 | Reached skill level 14 in Earth Magic
 38981 | Shoals:3 | Found a runed translucent door.
 39721 | Shoals:4 | Entered Level 4 of the Shoals
 40690 | Shoals:4 | Noticed Ilsuiw
 40702 | Shoals:4 | Killed Ilsuiw
 40703 | Shoals:4 | Reached skill level 15 in Earth Magic
 40845 | Shoals:4 | Reached XP level 17. HP: 106/106 MP: 21/32
 41103 | Shoals:4 | Noticed Polyphemus
 41475 | Shoals:4 | Killed Polyphemus
 42063 | Shoals:4 | Got a barnacled rune of Zot
 42149 | Shoals:4 | Reached skill level 16 in Earth Magic
 43425 | Lair:3   | Killed toastdancer's ghost
 44048 | Snake:3  | Identified the serpent talisman "Kuic" {rC- rCorr Str-2
                  | Stlth+}
 44048 | Snake:3  | Noticed Aizul
 44075 | Snake:3  | Killed Aizul
 44242 | Snake:3  | Identified the +4 morningstar "Plog" {flame, rN+}
 45034 | Snake:3  | Learned a level 9 spell: Shatter
 45124 | Snake:3  | Noticed Vashnia
 45163 | Snake:3  | Killed Vashnia
 45164 | Snake:3  | Reached skill level 17 in Earth Magic
 45985 | Snake:4  | Entered Level 4 of the Snake Pit
 47263 | Snake:4  | Reached XP level 18. HP: 114/114 MP: 29/34
 48086 | Snake:4  | Reached skill level 18 in Earth Magic
 50858 | Snake:4  | Reached skill level 19 in Earth Magic
 51486 | Snake:4  | Got a serpentine rune of Zot
 51797 | D:9      | Bought a book of Vapours for 312 gold pieces
 51805 | D:9      | Learned a level 3 spell: Mephitic Cloud
 52052 | D:13     | Killed Snorg
 52551 | D:14     | Noticed Roxanne
 54185 | D:15     | Entered Level 15 of the Dungeon
 54963 | D:15     | Reached XP level 19. HP: 115/122 MP: 27/36
 55139 | D:15     | Reached skill level 20 in Earth Magic
 55203 | D:15     | Found a portal to a secret trove of treasure.
 55902 | D:15     | Found a staircase to the Depths.
 56059 | Vaults:1 | Entered Level 1 of the Vaults
 56622 | Vaults:1 | Found Tiurch's Book Emporium.
 56630 | Vaults:1 | Bought the Spellbook of Earth for 544 gold pieces
 57421 | Vaults:1 | Reached skill level 15 in Fighting
 58187 | Vaults:1 | Reached skill level 21 in Earth Magic
 59547 | Vaults:1 | Acquired EonDragon20's Dissertation on Destruction
 59554 | Vaults:1 | Learned a level 4 spell: Flame Wave
 60139 | Vaults:2 | Noticed Zenata
 60257 | Vaults:2 | Noticed Nikola
 60275 | Vaults:2 | You are sucked into a shaft and drop 1 floor!
 61147 | Vaults:2 | Identified the ring "Fereiton" {rElec rC+ rN+ rCorr Slay-4}
 61156 | Vaults:2 | Reached skill level 22 in Earth Magic
 61214 | Vaults:2 | Identified the orb "Ponuruit" {mayhem, Dex+2}
 61225 | Vaults:2 | Identified the +1 pair of gloves "Diyrchu" {rF+ Str+4}
 61278 | Vaults:2 | Reached XP level 20. HP: 131/131 MP: 23/38
 61650 | Vaults:2 | Identified the ring of Jin Goax {rF+ rC- rCorr SInv}
 61651 | Vaults:2 | Killed Nikola
 61793 | Vaults:2 | Identified the orb of Howling Wind {light, rC+ Str+4}
 61793 | Vaults:2 | Noticed Frederick
 62052 | Vaults:2 | Killed Frederick
 63033 | Vaults:3 | Acquired 460 gold pieces
 63087 | Vaults:3 | Reached skill level 23 in Earth Magic
 64415 | Vaults:3 | Found a runed translucent gate.
 64415 | Vaults:3 | Found a runed translucent gate.
 64415 | Vaults:3 | Found a runed translucent gate.
 64419 | Vaults:3 | Noticed rgbqcd's ghost (veteran MiBe)
 64594 | Vaults:3 | Found Kurgheona's Book Boutique.
 65114 | Vaults:3 | Reached skill level 24 in Earth Magic
 65531 | Vaults:3 | Found a staircase to the Crypt.
 65531 | Vaults:3 | Found an ancient bone altar of Kikubaaqudgha.
 65531 | Vaults:3 | Found a basalt altar of Yredelemnul.
 66121 | Vaults:4 | HP: 1/131 [vault warden/+1 dire flail of protection (21)]
 66766 | Vaults:4 | Reached skill level 25 in Earth Magic
 66767 | Vaults:4 | Paralysed by a sphinx for 4 turns
 67209 | Vaults:4 | Identified the +3 shortbow of Biajomm {drain, rF- SInv
                  | Stlth+}
 67298 | Vaults:4 | Identified the +4 orcbow "Impbane" {freeze, rElec rC+ Int+8
                  | Dex-5}
 68021 | Depths:1 | Entered Level 1 of the Depths
 68031 | Depths:1 | Reached XP level 21. HP: 136/136 MP: 16/39
 68199 | Depths:1 | Learned a level 6 spell: Bombard
 68203 | Depths:1 | Found a bloodstained altar of Trog.
 68205 | Depths:1 | Found a magical portal.
 68641 | WizLab   | Entered The Roulette of Golubria
 68641 | WizLab   | Found a transporter.
 68644 | WizLab   | Found the +1 cloak of Starlight {*Dazzle EV+4 Stlth--}
 68644 | WizLab   | Found a corrupted altar of Lugonu.
 68821 | WizLab   | Found a transporter.
 68869 | WizLab   | Found a transporter.
 68895 | WizLab   | Found a corrupted altar of Lugonu.
 68895 | WizLab   | Found a transporter.
 68967 | WizLab   | Found a corrupted altar of Lugonu.
 69069 | WizLab   | Found a transporter.
 69236 | WizLab   | Found a transporter.
 69356 | WizLab   | Reached skill level 26 in Earth Magic
 69451 | WizLab   | Found a transporter.
 69530 | WizLab   | Found a transporter.
 69530 | WizLab   | Found a transporter.
 69711 | WizLab   | Found a transporter.
 69711 | WizLab   | Found a transporter.
 70097 | WizLab   | Identified the +1 cloak "Ynahat Meluwk" {rN+ Str+3 Int+5
                  | Slay-2}
 70105 | WizLab   | Identified the +1 cloak of Absence {rElec rF+ rN+ Str+3}
 70113 | WizLab   | Got Golubria's Guidebook on Geometry
 70224 | WizLab   | Found a transporter.
 70243 | WizLab   | Found a transporter.
 70243 | WizLab   | Found a transporter.
 70245 | WizLab   | Found a transporter.
 70245 | WizLab   | Found a transporter.
 70538 | Depths:1 | Found a faded altar of an unknown god.
 70722 | Depths:1 | Found a one-way gate leading to the halls of Pandemonium.
 71887 | Depths:1 | Reached skill level 27 in Earth Magic
 71980 | Depths:1 | Found a gateway to Hell.
 72444 | Vaults:1 | Bought a manual of Fighting for 1280 gold pieces
 72615 | Depths:2 | Found an iron altar of Okawaru.
 74167 | Depths:1 | Reached skill level 15 in Spellcasting
 74572 | Depths:2 | Noticed a caustic shrike
 74670 | Depths:1 | Killed a caustic shrike
 75230 | Depths:2 | Noticed a caustic shrike
 75247 | Depths:2 | Reached XP level 22. HP: 147/147 MP: 21/41
 75937 | Depths:2 | Got the Atlas of the Three Bounties
 76440 | Depths:2 | Noticed a caustic shrike
 76462 | Depths:1 | Killed a caustic shrike
 76665 | Depths:2 | Identified the ring "Kiqu" {Fire rElec MP+9 Int-3}
 76790 | Depths:2 | Killed a caustic shrike
 76991 | Depths:2 | Slain by a frost giant

Illustrated notes

Levels and vault maps discovered:
D:1:      lightli_arrival_quake, layout_loops_ring
D:2:      layout_basic, minmay_misc_feat_secret_circle
D:3:      layout_loops_ring, minmay_misc_feat_roman, uniq_natasha
D:4:      kennysheep_goblin_castle, layout_cave_pools,
          amethyst_overflow_temple_binary, uniq_grinder
D:5:      layout_basic, minmay_temple_entry_glassed_door
D:6:      layout_basic, grunt_temple_overflow_magic_moments, enter_ossuary_2,
          serial_shops, nicolae_stop_n_shop_2
D:7:      layout_basic, uniq_pikel, uniq_prince_ribbit1
D:8:      layout_basic, hellmonk_lair_entry_icy, uniq_psyche, uniq_joseph
D:9:      layout_cave_pools, orc_david_3, serial_shops,
          nicolae_book_shop_shelving, nicolae_shop_waterfront,
          grunt_ministairs_6
D:10:     layout_basic, mainiacjoe_overflow_six_doors_small,
          chequers_mini_garden, uniq_grum
D:11:     layout_roguey
D:12:     layout_basic, serial_shops, shop, nicolae_kikubaaqudgha_miasma_corner
D:13:     layout_basic, erik_vaults_1, uniq_snorg
D:14:     layout_loops_ring, hangedman_decor_slide_cut, uniq_roxanne
D:15:     gammafunk_enter_depths_forms, layout_long_grid,
          nicolae_trove_entry_path_of_doom
Temple:   nicolae_temple_x_marks_the_god
Lair:1:   layout_cave_pods, grunt_forest_large_clearing_hut
Lair:2:   layout_gridlike, minivault_11, nicolae_lair_grazing_beasts
          [nicolae_sub_lair_graze_edge, nicolae_sub_lair_graze_edge,
          nicolae_sub_lair_graze_edge, nicolae_sub_lair_graze_edge],
          grunt_megastairs_1, serial_bayou_shore_b, infiniplex_staircase_pool_2,
          uniq_harold, uniq_maggie
Lair:3:   layout_chaotic_city, elwin_shoals_entry_rooms,
          minmay_snake_entry_guardpost_small, gammafunk_ghost_hive,
          uniq_josephine, uniq_amaemon
Lair:4:   layout_layer_cave, minmay_slime_entry_oklob_open,
          cheibrodos_lair_caveside_slide
Shoals:1: layout_shoals, nicolae_shoals_beach_house_on_fowls_legs
Shoals:2: layout_shoals, nicolae_shoals_former_cling_halls, uniq_donald
Shoals:3: layout_shoals, lightli_airlock
Shoals:4: shoals_end_hangedman, layout_shoals, shoals_ilsuiw_alternative,
          nicolae_shoals_stone_sculpture_thing, uniq_polyphemus
Snake:1:  layout_basic, grunt_megastairs_5
Snake:2:  layout_gridlike, uniq_saint_roka
Snake:3:  layout_onion, nicolae_snake_boneroom, uniq_mlioglotl, uniq_vashnia,
          uniq_aizul
Snake:4:  snake_pit_salamanders_mu, layout_rooms
Orc:1:    layout_caves, serial_shops, shop, hellmonk_jugg_or_not
Orc:2:    kennysheep_orc_mage_school, layout_caves, nicolae_orc_minecarts
Vaults:1: nicolae_vaults_doubleplus_tesselated, nicolae_vaults_trapezoid_2,
          nicolae_vaults_theta, nicolae_vaults_holding_cells,
          hangedman_vaults_stream, vaults_room_grunt_arrival_ludios,
          nicolae_vaults_double_plus_1, nicolae_vaults_storage_closets_3,
          vaults_room_semicircle, dpeg_vaults_monster_box,
          vaults_room_stairs_pillars, layout_vaults_omnibox, serial_shops, shop
Vaults:2: vaults_dpeg_hooks, nicolae_vaults_trapezoid_layered, v_misc_2,
          hangedman_vaults_stretched_pinwheel,
          nicolae_vaults_storage_room_statues,
          nicolae_vaults_storing_the_good_stuff, layout_vaults_quadrants,
          serial_shops, shop_scrolls, uniq_nikola, uniq_frederick, uniq_zenata
Vaults:3: gammafunk_ghost_spectres, ontoclasm_vaults_bender,
          nicolae_vaults_little_squares_1, nicolae_vaults_little_squares_3,
          nicolae_vaults_cochlea, nicolae_vaults_diamond_1,
          minmay_crypt_entry_necro_gods, v_pattern_5, grunt_vaults_funnel,
          st_cross, nicolae_vaults_shelves_hall, nicolae_vaults_alarming,
          nicolae_vaults_sealed_display, layout_vaults_chaotic_city,
          serial_shops, nicolae_book_shop_shelving
Vaults:4: vaults_dpeg_doors, nicolae_vaults_octothorpe, v_pattern_3,
          ontoclasm_vaults_eye, nicolae_vaults_apartment_2,
          nicolae_vaults_frosty_reception, nicolae_vaults_network_star,
          ontoclasm_vaults_ligature, nicolae_vaults_more_shelving_1,
          nicolae_vaults_back_hallway, nicolae_vaults_sesquioval_fish,
          layout_vaults_maze_snakey
Depths:1: layout_cave_pools, hangedman_decor_push, serial_column_ruins,
          column_ruins_temple_hall, column_ruins_open_large,
          column_ruins_open_medium, column_ruins_columns_straight,
          column_ruins_columns_straight, column_ruins_corridor_dead_end,
          mu_enter_wizlab_4, hellmouth_3, pan_entry, bloody_trog
Depths:2: minmay_complete_graph, layout_gridlike, okawaru_gym_becter,
          grunt_pan_entry_spiral, hell_entry, hangedman_aviary,
          infiniplex_staircase_zigzag_5

Skill      XL: |  1  2  3  4  5  6  7  8  9 10 11 12 13 14 15 16 17 18 19 20 21 22 |
---------------+-------------------------------------------------------------------+-----
Conjurations   | 2 3 5 7 9 10 11 | 11.8
Earth Magic    | 4 6 8 10 11 12 15 17 19 22 25 27 | 27.0
Fighting       | 2 3 4 5 6 9 10 11 13 14 15 18 19 | 19.2
Armour         | 1 2 3 4 5 6 7 9 |  9.8
Dodging        | 2 3 4 5 6 7 |  7.6
Spellcasting   | 3 4 5 8 9 11 12 13 14 15 | 15.5
Invocations    | 7 11 12 13 | 13.2
Alchemy        | 7 |  7.0
Fire Magic     | 5 8 |  8.1
Stealth        | |  2.1

Action                     |  1- 3 |  4- 6 |  7- 9 | 10-12 | 13-15 | 16-18 | 19-21 | 22-24 || total
---------------------------+-------+-------+-------+-------+-------+-------+-------+-------++-------
  Melee: Unarmed           |     2 |       |       |       |     2 |       |       |       ||     4
         Mace              |    10 |       |       |       |       |       |       |       ||    10
         Whip              |       |       |    16 |    17 |    31 |     3 |       |       ||    67
         Staff             |       |       |       |       |       |    34 |    37 |     1 ||    72
         Punch             |       |       |       |       |       |       |     1 |       ||     1
   Cast: Sandblast         |    59 |    56 |   172 |   150 |   388 |   101 |    50 |       ||   976
         Stone Arrow       |       |     3 |    54 |   203 |   467 |   709 |   461 |    18 ||  1915
         Brom's Barrelling |       |       |     5 |     3 |     3 |       |       |       ||    11
         Olgreb's Toxic Ra |       |       |       |       |    38 |   191 |   215 |    10 ||   454
         Petrify           |       |       |       |       |     4 |     1 |       |       ||     5
         Ignite Poison     |       |       |       |       |     7 |   103 |   101 |     3 ||   214
         Mercury Vapours   |       |       |       |       |     2 |     1 |     1 |       ||     4
         Mephitic Cloud    |       |       |       |       |       |     4 |     1 |       ||     5
         Flame Wave        |       |       |       |       |       |       |    21 |     1 ||    22
         Shatter           |       |       |       |       |       |       |    14 |       ||    14
         Bombard           |       |       |       |       |       |       |   107 |    49 ||   156
 Invoke: Lesser Servant of |       |       |       |     3 |     8 |    11 |    22 |     1 ||    45
         Greater Servant o |       |       |       |       |       |       |     4 |       ||     4
         Minor Destruction |       |       |       |       |       |       |     6 |       ||     6
  Evoke: Wand              |       |       |       |       |     1 |       |       |       ||     1
    Use: Scroll            |     5 |     1 |     9 |    10 |    12 |    10 |    15 |     2 ||    64
         Potion            |       |       |       |     2 |     1 |     2 |    19 |       ||    24
   Stab: Distracted        |       |       |       |       |       |     1 |       |       ||     1
         Petrified         |       |       |       |       |       |     2 |       |       ||     2
         Sleeping          |       |       |       |       |       |     1 |       |       ||     1
 Armour: Robe              |    20 |    10 |   110 |    62 |       |       |       |       ||   202
         Steam dragon scal |       |       |       |    91 |   701 |   868 |  1048 |    68 ||  2776
         Skin              |       |       |       |       |     3 |       |       |       ||     3
  Dodge: Dodged            |    16 |    13 |    86 |   110 |   561 |   537 |   566 |    18 ||  1907
